 Dungeon Crawl Stone Soup version 0.23.0 (webtiles) character file.

Game seed: 5240897944331887481

1948799 Megalobster the Executioner (level 27, 285/285 HPs)
             Began as a Deep Dwarf Fighter on Feb 12, 2019.
             Was a High Priest of Makhleb.
             Escaped with the Orb
             ... and 3 runes on Feb 13, 2019!
             The game lasted 05:16:07 (54352 turns).

Megalobster the Executioner (Deep Dwarf Fighter)   Turns: 54352, Time: 05:16:08

Health: 285/285    AC: 33    Str: 39    XL:     27
Magic:  12/12      EV: 20    Int:  9    God:    Makhleb [*****.]
Gold:   7953       SH: 22    Dex: 12    Spells: 26/26 levels left

rFire    + + +     SeeInvis +   a - +9 broad axe (drain)
rCold    . . .     Gourm    .   U - +3 shield {rC+ rF+}
rNeg     + . .     Faith    .   I - +3 fire dragon scales
rPois    +         Spirit   .   (no helmet)
rElec    +         Reflect  +   J - +2 cloak of the Thief {+Fog Slay-2 SInv Stlth+}
rCorr    +         Harm     .   E - +2 pair of gloves {archery}
MR       +++++                  M - +2 pair of boots of the Assassin {Detection Stab+ Stlth++}
Stlth    ++........             Z - amulet "Trusted Companion" {Reflect Fragile rPois MR+ Slay+5 SH+3}
HPRegen  0.00/turn              K - ring of Fout Awuod {rElec Str+4 Slay+2 Stlth+}
MPRegen  0.13/turn              l - ring of resist corrosion

@: non-regenerating
A: damage resistance, heal wounds, slimy green scales 1, mutation resistance 1,
negative energy resistance 1, sense surroundings 3, strong 1, no regeneration
0: Orb of Zot
}: 3/15 runes: serpentine, barnacled, silver
a: Heal Wounds, Minor Destruction, Lesser Servant of Makhleb, Major Destruction,
Greater Servant of Makhleb, Renounce Religion, Evoke Fog


You escaped.
You worshipped Makhleb.
Makhleb was extremely pleased with you.
You were very full.

You visited 10 branches of the dungeon, and saw 50 of its levels.
You also visited: Sewer, Ice Cave and Volcano.

You collected 9507 gold pieces.
You spent 1554 gold pieces at shops.

Inventory:

Hand Weapons
 a - a +9 broad axe of draining (weapon)
 b - a +6 broad axe of flaming
Armour
 w - a +2 chain mail of fire resistance
 E - a +2 pair of gloves of archery (worn)
 H - +0 gold dragon scales
 I - +3 fire dragon scales (worn)
 J - the +2 cloak of the Thief (worn) {+Fog Slay-2 SInv Stlth+}
   (You found it on level 11 of the Dungeon)

   It affects your accuracy and damage with ranged weapons and melee attacks
   (-2).
   It lets you see invisible.
   It makes you more stealthy.
 M - the +2 pair of boots of the Assassin (worn) {Detection Stab+ Stlth++}
   (You found it on level 2 of the Depths)

   It makes you much more stealthy.
 Q - a +2 helmet
 U - a +3 shield of resistance (worn)
Jewellery
 k - the ring "Kiosidis" {rPois AC+3 Str+7 Slay+3}
   (You found it on level 1 of the Snake Pit)

   [ring of protection]

   It affects your AC (+3).
   It affects your strength (+7).
   It affects your accuracy and damage with ranged weapons and melee attacks
   (+3).
   It protects you from poison.
 l - a ring of resist corrosion (right hand)
 s - an uncursed ring of protection from fire
 K - the ring of Fout Awuod (left hand) {rElec Str+4 Slay+2 Stlth+}
   (You found it on level 2 of the Depths)

   [ring of stealth]

   It affects your strength (+4).
   It affects your accuracy and damage with ranged weapons and melee attacks
   (+2).
   It insulates you from electricity.
   It makes you more stealthy.
 Z - the amulet "Trusted Companion" (around neck) {Reflect Fragile rPois MR+ Slay+5 SH+3}
   (You found it on level 3 of the Depths)

   [amulet of reflection]

   It shields you and reflects attacks.
   It affects your accuracy and damage with ranged weapons and melee attacks
   (+5).
   It protects you from poison.
   It affects your resistance to hostile enchantments.
   It will be destroyed if unequipped.
   It affects your SH (+3).
Wands
 e - a wand of digging (8)
 h - a wand of acid (27)
 t - a wand of iceblast (49)
 u - a wand of clouds (2)
 P - a wand of disintegration (69)
 R - a wand of flame (64)
 S - a wand of scattershot (4)
 V - a wand of paralysis (50)
Scrolls
 g - 6 scrolls of identify {@r1}
 p - a scroll of holy word
 x - 27 scrolls of remove curse {@r2}
 y - 14 scrolls of fear
 z - 2 scrolls of magic mapping
 A - 10 scrolls of fog
 C - 20 scrolls of teleportation
 T - 3 scrolls of blinking
 Y - 2 scrolls of silence
Potions
 d - 9 potions of heal wounds
 i - 4 potions of mutation
 j - 2 potions of invisibility
 n - 4 potions of flight
 o - 5 potions of cancellation
 v - 15 potions of curing {@q1}
 D - 5 potions of haste
 G - 3 potions of agility
 L - 11 potions of lignification
 W - 10 potions of brilliance
 X - 4 potions of ambrosia
Miscellaneous
 c - 3 phantom mirrors
 q - a box of beasts
 B - a lamp of fire
 O - a lightning rod (4/4)
Comestibles
 f - 55 rations


   Skills:
 * Level 24.1 Fighting
 - Level 25.5 Axes
 + Level 22.0 Armour
 * Level 16.0 Dodging
 - Level 15.0 Shields
 - Level 23.8 Invocations
 - Level 12.8 Evocations


You had 26 spell levels left.
You didn't know any spells.
Your spell library contained the following spells:

 Spells                   Type           Power        Failure   Level  Hunger
 Animate Skeleton         Necr           N/A          52%         1    ##.....
 Apportation              Tloc           #.....       52%         1    ##.....
 Beastly Appendage        Tmut           #.....       52%         1    ##.....
 Confusing Touch          Hex            #.....       52%         1    ##.....
 Corona                   Hex            #......      52%         1    ##.....
 Flame Tongue             Conj/Fire      #....        52%         1    ##.....
 Freeze                   Ice            #...         52%         1    ##.....
 Magic Dart               Conj           #...         52%         1    ##.....
 Pain                     Necr           #...         52%         1    ##.....
 Sandblast                Erth           #.....       52%         1    ##.....
 Shock                    Conj/Air       #...         52%         1    ##.....
 Sting                    Conj/Pois      #...         52%         1    ##.....
 Summon Butterflies       Summ           #.......     52%         1    ##.....
 Summon Small Mammal      Summ           #...         52%         1    ##.....
 Blink                    Tloc           N/A          65%         2    ###....
 Call Imp                 Summ           #.......     65%         2    ###....
 Ensorcelled Hibernation  Hex/Ice        #.....       65%         2    ###....
 Passwall                 Tmut/Erth      #.......     65%         2    ###....
 Poisonous Vapours        Pois/Air       #.....       65%         2    ###....
 Searing Ray              Conj           #.....       65%         2    ###....
 Shroud of Golubria       Chrm/Tloc      #.........   65%         2    ###....
 Slow                     Hex            #.......     65%         2    ###....
 Sticks to Snakes         Tmut           #.......     65%         2    ###....
 Swiftness                Chrm/Air       #.......     65%         2    ###....
 Throw Flame              Conj/Fire      #.....       65%         2    ###....
 Throw Frost              Conj/Ice       #.....       65%         2    ###....
 Confuse                  Hex            #.......     87%         3    ####...
 Conjure Flame            Conj/Fire      #.......     87%         3    ####...
 Dazzling Spray           Conj/Hex       #.....       87%         3    ####...
 Gell's Gravitas          Tloc           #.........   87%         3    ####...
 Ignite Poison            Fire/Tmut/Pois #.......     87%         3    ####...
 Inner Flame              Hex/Fire       #.......     87%         3    ####...
 Lesser Beckoning         Tloc           #.........   87%         3    ####...
 Mephitic Cloud           Conj/Pois/Air  #.......     87%         3    ####...
 Ozocubu's Armour         Chrm/Ice       #.......     87%         3    ####...
 Portal Projectile        Hex/Tloc       #.....       87%         3    ####...
 Spider Form              Tmut/Pois      #.........   87%         3    ####...
 Stone Arrow              Conj/Erth      #.....       87%         3    ####...
 Teleport Other           Tloc           #.......     87%         3    ####...
 Tukima's Dance           Hex            #.......     87%         3    ####...
 Vampiric Draining        Necr           #.........   87%         3    ####...
 Animate Dead             Necr           N/A          99%         4    #####..
 Cause Fear               Hex            #.........   99%         4    #####..
 Force Lance              Conj/Tloc      #.......     99%         4    #####..
 Fulminant Prism          Conj/Hex       #.........   99%         4    #####..
 Ice Form                 Ice/Tmut       #.......     99%         4    #####..
 Iskenderun's Mystic Bla  Conj           #.......     99%         4    #####..
 Leda's Liquefaction      Hex/Erth       #.........   99%         4    #####..
 Olgreb's Toxic Radiance  Pois           #.......     99%         4    #####..
 Petrify                  Tmut/Erth      #.......     99%         4    #####..
 Sticky Flame             Conj/Fire      #.......     99%         4    #####..
 Summon Ice Beast         Ice/Summ       #.......     99%         4    #####..
 Throw Icicle             Conj/Ice       #.......     99%         4    #####..
 Alistair's Intoxication  Tmut/Pois      #.......     100%        5    ######.
 Blade Hands              Tmut           #.........   100%        5    ######.
 Bolt of Magma            Conj/Fire/Erth #.........   100%        5    ######.
 Borgnjor's Vile Clutch   Necr/Erth      #.........   100%        5    ######.
 Fireball                 Conj/Fire      #.........   100%        5    ######.
 Iskenderun's Battlesphe  Conj/Chrm      #.......     100%        5    ######.
 Lee's Rapid Deconstruct  Erth           #.........   100%        5    ######.
 Metabolic Englaciation   Hex/Ice        #.........   100%        5    ######.
 Silence                  Hex/Air        #.........   100%        5    ######.
 Venom Bolt               Conj/Pois      #.........   100%        5    ######.
 Yara's Violent Unravell  Hex/Tmut       #.........   100%        5    ######.
 Bolt of Fire             Conj/Fire      #.........   100%        6    #######
 Darkness                 Hex            #.........   100%        6    #######
 Deflect Missiles         Chrm/Air       #.........   100%        6    #######
 Freezing Cloud           Conj/Ice/Air   #.........   100%        6    #######
 Invisibility             Hex            #.......     100%        6    #######
 Iron Shot                Conj/Erth      #.........   100%        6    #######
 Shadow Creatures         Summ           N/A          100%        6    #######
 Statue Form              Tmut/Erth      #........    100%        6    #######
 Dragon Form              Tmut           #.........   100%        7    #######
 Haunt                    Necr/Summ      #.........   100%        7    #######
 Malign Gateway           Summ/Tloc      #.........   100%        7    #######
 Monstrous Menagerie      Summ           #.........   100%        7    #######
 Orb of Destruction       Conj           #.........   100%        7    #######
 Ring of Flames           Chrm/Fire      #.........   100%        7    #######
 Spellforged Servitor     Conj/Summ      #.........   100%        7    #######
 Summon Greater Demon     Summ           #.........   100%        7    #######
 Borgnjor's Revivificati  Necr           #.........   100%        8    #######
 Death's Door             Chrm/Necr      #.........   100%        8    #######
 Discord                  Hex            #.........   100%        8    #######
 Ignition                 Fire           #.........   100%        8    #######
 Infestation              Necr           #.........   100%        8    #######
 Necromutation            Tmut/Necr      #.........   100%        8    #######
 Summon Horrible Things   Summ           #.........   100%        8    #######
 Dragon's Call            Summ           #.........   100%        9    #######
 Shatter                  Erth           #.........   100%        9    #######
 Regeneration             Chrm/Necr      Unusable     N/A         3    N/A
 Passage of Golubria      Tloc           Unusable     N/A         4    N/A

Dungeon Overview and Level Annotations

Branches:
Dungeon (15/15)            Temple (1/1) D:6            Lair (6/6) D:10
 Shoals (4/4) Lair:4        Snake (4/4) Lair:3        Slime (0/5) Lair:6
    Orc (2/2) D:10            Elf (3/3) Orc:2        Vaults (5/5) D:14
  Crypt (0/3) Vaults:3     Depths (5/5) D:15            Zot (5/5) Depths:5

Altars:
Ashenzari
Cheibriados
Dithmenos
Elyvilon
Fedhas
Gozag
Hepliaklqana
Kikubaaqudgha
Makhleb
Nemelex Xobeh
Okawaru
Qazlal
Ru
Sif Muna
Trog
Uskayaw
Vehumet
Wu Jian
Xom
Yredelemnul
Zin
The Shining One
Beogh
Lugonu

Shops:
D:5 ?   D:7 :   D:8 **   D:15 *   Orc:2 *[%   Elf:3 (   Shoals:1 =   Vaults:1 [
Vaults:3 (   Depths:5 [=}?

Portals:
Hell: Depths:1 Depths:2 Depths:3 Depths:4 Depths:5
Abyss: Depths:2 Depths:3 Depths:4
Pandemonium: Depths:3
Ziggurat: Depths:2

Annotations:
Lair:6 exclusion: 2 oklob plants
Elf:2 5 runed translucent doors
Elf:3 8 exclusions
Depths:4 1 runed translucent door, Amikeex's ghost, adept TrMo
Zot:5 exclusion: obsidian statue


Innate Abilities, Weirdness & Mutations

You are resistant to damage.
You can heal yourself by infusing magical energy.
You resist negative energy. (rN+)
You passively map a large area around you.
You do not regenerate.
You are partially covered in slimy green scales. (AC +2)
You are somewhat resistant to further mutation.
Your muscles are strong. (Str +2)


Message History

As you open the door, it creaks loudly!
There is an open door here.
There is an open door here.
There is a stone staircase leading up here.
You climb upwards.
There is a stone staircase leading down here.
There is a stone staircase leading up here.
You climb upwards.
There is a stone staircase leading down here.
There is a stone staircase leading up here.
You climb upwards.
There is a stone staircase leading down here.
There is a stone staircase leading up here.
You climb upwards.
There is a stone staircase leading down here.
There is a stone staircase leading up here.
You climb upwards.
There is a stone staircase leading down here.
There is a staircase leading out of the dungeon here.
You have escaped!

.....##.#######.............#####
#######.# #.#######.....# # #.#
#.# #.....#### # #.# #.#
########.# #######.# ##.##
##...#.# ##......# ##.#.##
##......# ##.######
#.###.######.......# ##.#
##.#####...........# ##.# ###@#
#.###.......# #.# #.# #.#
##.....## #.# #.# #.# ##...####
#.# #.# #.# ##...... #.#
#######.####### #.#####
#.#######.............####.#
##.......#######.#######[##.####
...)..##.##.)..#.##............##
########.##.##.#.##..#...##......


There were no monsters in sight!

Vanquished Creatures
  3 orbs of fire
  Tiamat (Zot:4)
  4 ancient liches (Zot:5)
  Boris (twice) (Vaults:4 Depths:1)
  Sojobo (Vaults:2)
  6 Killer Klowns
  Vashnia (Snake:2)
  Saint Roka (Vaults:3)
  6 curse toes
  17 golden dragons
  3 electric golems
  Rupert (Orc:2)
  13 tentacled monstrosities
  23 Orb Guardians
  4 liches
  3 titans
  An acid blob (Zot:3)
  12 quicksilver dragons
  10 death cobs
  Kirke (Lair:4)
  2 sphinxes (Vaults:5)
  5 draconian monks
  22 storm dragons
  13 shadow dragons
  10 tengu reavers
  Donald (Elf:3)
  6 frost giants
  10 nagarajas
  13 fire giants
  8 draconian scorchers
  5 draconian knights
  3 iron dragons
  6 ghost moths
  2 deep elf sorcerers
  A deep elf elementalist (Vaults:5)
  5 ironheart preservers
  20 vault wardens
  4 draconian stormcallers
  2 orc warlords
  2 draconian shifters
  5 draconian annihilators
  A spriggan defender (Depths:2)
  4 war gargoyles
  21 stone giants
  A reaper (Zot:1)
  41 very ugly things
  A lorocyproca (D:15)
  2 deep elf demonologists
  19 green draconians
  10 white draconians
  23 black draconians
  7 vampire knights
  19 red draconians
  20 yellow draconians
  6 spark wasps
  14 purple draconians
  4 merfolk javelineers (Shoals:4)
  A green death (Zot:2)
  A blizzard demon (IceCv)
  A crystal guardian (Vaults:3)
  13 fire dragons
  9 ettins
  5 deep elf high priests
  16 yaktaur captains
  12 ice dragons
  5 rakshasas
  Harold (D:8)
  10 great orbs of eyes
  7 merfolk impalers
  6 hydras
  6 naga warriors
  3 spriggan air magi
  Erica (Orc:1)
  30 vault guards
  A caustic shrike simulacrum (Depths:4)
  12 centaur warriors
  5 merfolk avatars
  A hell beast (Depths:2)
  A two-headed ogre (shapeshifter) (Vaults:5)
  2 anacondas
  6 merfolk aquamancers
  2 satyrs
  36 two-headed ogres
  13 dancing weapons
  3 death yaks (Lair:2)
  13 ogre magi
  4 hell hogs
  17 tengu warriors
  5 death knights
  8 naga sharpshooters
  2 orc high priests (Orc:2)
  6 deep troll earth magi
  6 deep troll shamans
  6 shock serpents
  A shock serpent (shapeshifter) (Vaults:5)
  10 spriggan berserkers
  A sun demon (Depths:3)
  12 deep elf knights
  5 hell knights (Vaults:4)
  2 soul eaters (Depths:3)
  A fire crab (shapeshifter) (Depths:4)
  A salamander mystic (Snake:3)
  6 iron trolls
  3 skeletal warriors
  21 deep trolls
  3 shadow demons (Depths:2)
  2 flayed ghosts
  A golden dragon zombie (Depths:4)
  4 glowing orange brains
  9 unseen horrors (Depths:2)
  5 sea snakes
  A large abomination (Zot:3)
  A storm dragon skeleton (Depths:4)
  2 shadow wraiths
  A quicksilver dragon simulacrum (Depths:3)
  A harpy (shapeshifter) (Elf:2)
  3 naga ritualists
  7 deep elf archers
  A lindwurm (shapeshifter) (Vaults:5)
  14 harpies
  4 necromancers
  10 ironbrand convokers
  Pikel (D:7)
  A golden dragon skeleton (Depths:4)
  2 wizards
  20 orc knights
  41 deep elf magi
  30 ugly things
  5 orc sorcerers
  A lindwurm (Zot:4)
  6 mana vipers
  6 wolf spiders
  4 cyclopes
  An orb spider (shapeshifter) (Vaults:5)
  8 fauns
  A faun (shapeshifter) (Vaults:5)
  27 moths of wrath
  9 salamanders
  12 manticores
  A salamander (shapeshifter) (Depths:1)
  10 vault sentinels
  A black mamba (shapeshifter) (Depths:2)
  2 ice statues
  2 guardian serpents (shapeshifter)
  24 black mambas
  2 molten gargoyles (Volcano)
  3 water nymphs
  7 merfolk sirens
  Maurice (D:9)
  5 naga magi
  7 rust devils (Depths:3)
  A guardian serpent (Snake:3)
  8 elephants
  Psyche (D:10)
  22 spiny frogs
  A spiny frog (shapeshifter) (Depths:4)
  A rime drake (Lair:1)
  4 freezing wraiths
  8 komodo dragons
  A redback zombie (D:14)
  3 anaconda simulacra (IceCv)
  A golden dragon simulacrum (IceCv)
  2 red devils
  A queen bee (shapeshifter) (Depths:5)
  37 yaktaurs
  A meliai (shapeshifter) (Vaults:4)
  6 tengu conjurers
  7 ice devils
  35 merfolk
  2 trolls
  4 tyrant leeches (Lair:6)
  A hornet (shapeshifter) (Vaults:3)
  5 wind drakes
  A polar bear (Lair:6)
  5 hornets
  12 slime creatures
  6 snapping turtles
  Prince Ribbit (D:5)
  6 dream sheep
  6 hippogriffs
  20 blink frogs
  A hippogriff (shapeshifter) (Vaults:1)
  A snapping turtle (shapeshifter) (Depths:2)
  A redback (shapeshifter) (Vaults:2)
  8 flying skulls
  An air elemental (Elf:1)
  A dire elephant simulacrum (IceCv)
  A ynoxinul (Depths:1)
  14 water elementals
  7 shadows
  2 redbacks (Vaults:2)
  4 spriggans
  8 wraiths
  Eustachio (D:5)
  4 hogs (Lair:4)
  4 wyverns
  26 yaks
  5 basilisks
  16 humans (D:14)
  2 hungry ghosts
  2 death yak simulacra (IceCv)
  A golden eye (shapeshifter) (Vaults:3)
  A steam dragon (D:7)
  A chaos spawn (Zot:1)
  A human simulacrum (Vaults:2)
  19 vampire mosquitoes
  3 wargs
  A naga (shapeshifter) (Elf:3)
  Edmund (D:6)
  2 harpy simulacra (IceCv)
  37 nagas
  3 iron troll simulacra (IceCv)
  An acid dragon (shapeshifter) (Vaults:3)
  2 hydra simulacra (IceCv)
  5 acid dragons
  Duvessa (D:5)
  5 hell hounds
  5 porcupines
  21 water moccasins
  A black bear (shapeshifter) (Vaults:1)
  6 ice beasts
  A hornet zombie (D:14)
  62 orc warriors
  5 ettin simulacra
  4 black bears
  4 necrophages
  4 phantoms
  3 sky beasts
  24 wolves
  32 ogres
  9 boggarts
  5 crocodiles
  24 centaurs
  2 big kobolds
  2 elf zombies
  A wyvern zombie (D:10)
  30 bullfrogs
  2 earth elementals
  Dowan (D:5)
  14 scorpions
  14 killer bees
  A water moccasin skeleton (D:9)
  An elephant simulacrum (IceCv)
  6 wights
  3 electric eels (Lair:2)
  7 howler monkeys
  A bullfrog zombie (D:12)
  15 crimson imps
  2 draconian simulacra (IceCv)
  2 quasits
  4 hounds
  4 human zombies (D:7)
  4 centaur skeletons
  3 centaur zombies
  32 orc wizards
  Crazy Yiuf (D:7)
  2 bullfrog skeletons
  6 jellies
  24 orc priests
  A human skeleton (D:7)
  6 iguanas
  A spriggan simulacrum (IceCv)
  16 worker ants
  A polar bear simulacrum (IceCv)
  3 troll simulacra (IceCv)
  A wolf simulacrum (IceCv)
  A centaur simulacrum (IceCv)
  A mummy (D:7)
  2 worker ant zombies
  A howler monkey zombie (D:10)
  A gnoll (D:3)
  5 river rats (Sewer)
  20 adders
  3 naga simulacra (IceCv)
  3 ogre simulacra (IceCv)
  6 shadow imps
  12 white imps
  4 ufetubi (IceCv)
  3 oozes
  2 adder skeletons
  2 adder zombies (D:6)
  7 worms
  3 dart slugs
  7 leopard geckos
  92 orcs
  7 giant cockroaches
  10 hobgoblins
  17 jackals
  6 quokkas
  18 ball pythons
  8 bats
  15 frilled lizards
  7 goblins
  20 kobolds
  A leopard gecko zombie (D:6)
  A quokka skeleton (D:6)
  A quokka zombie (D:8)
  27 rats
  A fungus (Lair:1)
  8 plants
2246 creatures vanquished.

Vanquished Creatures (collateral kills)
  An ancient lich (Zot:5)
  Boris (Vaults:5)
  Margery (Vaults:4)
  A Killer Klown (Zot:5)
  A curse toe (Zot:5)
  A golden dragon (Zot:4)
  An iron giant (Zot:5)
  A Tzitzimitl (Depths:2)
  2 Orb Guardians (Zot:5)
  A death cob (Zot:5)
  A sphinx (Depths:2)
  A storm dragon (Vaults:3)
  2 shadow dragons
  A nagaraja (Snake:3)
  A draconian monk (Zot:5)
  3 draconian knights (Zot:5)
  A frost giant (Vaults:3)
  A balrug (Depths:3)
  A reaper (Depths:3)
  3 very ugly things
  An entropy weaver (Vaults:2)
  A spark wasp (Depths:4)
  An ettin (Vaults:4)
  A white draconian (Zot:2)
  2 blizzard demons
  A merfolk impaler (Shoals:1)
  A fire dragon (Depths:2)
  A great orb of eyes (Depths:2)
  A yaktaur captain (Vaults:3)
  A deep elf high priest (Depths:3)
  3 vault guards
  2 naga warriors
  3 hydras
  An ice dragon (Zot:4)
  A catoblepas (D:14)
  A centaur warrior (Vaults:3)
  A satyr (Shoals:4)
  2 death knights
  An anaconda (Snake:3)
  2 merfolk aquamancers
  3 death yaks (Lair:2)
  2 tengu warriors
  Urug (Lair:4)
  A merfolk avatar (Shoals:4)
  An orc high priest (Orc:2)
  2 two-headed ogres
  7 naga sharpshooters (Snake:2)
  3 spriggan berserkers (Depths:3)
  2 soul eaters
  A shock serpent (Snake:2)
  2 sun demons (Depths:3)
  A hell knight (Vaults:4)
  A skeletal warrior (Depths:3)
  A deep elf knight (Vaults:4)
  A salamander mystic (Snake:3)
  2 infernal demonspawn (Zot:3)
  4 sea snakes
  3 shadow wraiths (Depths:2)
  A quicksilver dragon simulacrum (Depths:3)
  A wizard (D:14)
  2 deep trolls
  A swamp dragon (Zot:4)
  A flayed ghost (Vaults:3)
  A phantasmal warrior (D:13)
  4 ironbrand convokers
  3 orc knights
  A necromancer (D:14)
  2 deep elf magi (Vaults:3)
  7 ugly things
  A faun (Shoals:2)
  2 manticores
  A salamander (shapeshifter) (Depths:3)
  A slime creature (D:12)
  4 salamanders
  An elephant (Lair:6)
  6 water nymphs
  A rust devil (Depths:3)
  4 naga magi
  A vault sentinel (Vaults:3)
  A guardian serpent (Snake:3)
  4 black mambas
  A gargoyle (D:12)
  A kobold demonologist (D:15)
  A freezing wraith (D:13)
  A rime drake (Lair:4)
  An efreet (D:14)
  2 komodo dragons
  4 red devils (Depths:3)
  An ice devil (IceCv)
  2 tengu conjurers
  A tormentor (Zot:5)
  7 merfolk
  A tyrant leech (Lair:6)
  2 wind drakes (Shoals:4)
  2 dream sheep (Shoals:2)
  2 snapping turtles
  4 blink frogs (Lair:6)
  2 hippogriffs
  A redback (Vaults:2)
  A dire elephant simulacrum (IceCv)
  3 shadows
  3 wraiths
  A hog (Lair:4)
  A water elemental (Shoals:1)
  2 humans (D:14)
  3 basilisks
  A vampire mosquito (Lair:6)
  A warg (Vaults:3)
  9 nagas
  2 water moccasins (Lair:3)
  A hell hound (Depths:3)
  6 orc warriors
  A floating eye (Depths:2)
  An eye of draining (Depths:2)
  2 boggarts
  2 ettin simulacra (Depths:3)
  An ogre (Vaults:2)
  2 centaurs (Vaults:3)
  2 crocodiles
  3 orc priests
  2 orc wizards
  A worker ant (D:13)
  An adder (Lair:3)
  8 orcs
  2 hobgoblins (Orc:1)
  A ball python (Lair:3)
  A fungus (Lair:4)
243 creatures vanquished.

Vanquished Creatures (others)
  A Killer Klown (Zot:5)
  A lich (Vaults:5)
  An eldritch tentacle (Zot:5)
  A sphinx (Depths:4)
  A deep elf elementalist (Vaults:5)
  A very ugly thing (Vaults:5)
  A vampire knight (Vaults:3)
  A white draconian (Zot:3)
  A yaktaur captain (Depths:4)
  A satyr (Shoals:2)
  A tengu warrior (Depths:3)
  An ogre mage (Depths:4)
  An unseen horror (D:13)
  2 deep elf magi
  A cyclops (Shoals:2)
  2 moths of wrath (Zot:2)
  A vault sentinel (Vaults:2)
  2 yaktaurs
  A merfolk (Shoals:1)
  An orc warrior (Elf:3)
  2 white imps (IceCv)
  2 ufetubi (IceCv)
  An orc (D:8)
  13 fungi
  15 plants
56 creatures vanquished.

Grand Total: 2545 creatures vanquished

Notes
Turn   | Place    | Note
-------+----------+-------------------------------------------
     0 | D:1      | Megalobster the Deep Dwarf Fighter began the quest for the
                  | Orb.
     0 | D:1      | Reached XP level 1. HP: 20/20 MP: 1/1
   130 | D:1      | Reached XP level 2. HP: 27/27 MP: 2/2
   540 | D:1      | Reached skill level 3 in Axes
   980 | D:2      | Reached XP level 3. HP: 29/33 MP: 3/3
  1822 | D:3      | Reached XP level 4. HP: 37/40 MP: 4/4
  1841 | D:3      | Reached skill level 4 in Axes
  1937 | D:3      | Found a glowing drain.
  1941 | Sewer    | Entered a sewer
  2059 | Sewer    | Reached XP level 5. HP: 33/46 MP: 5/5
  2205 | Sewer    | Reached skill level 5 in Axes
  2332 | Sewer    | Reached skill level 5 in Shields
  2335 | Sewer    | Reached XP level 6. HP: 31/55 MP: 6/6
  2341 | Sewer    | Reached skill level 6 in Axes
  3120 | D:3      | Found a snail-covered altar of Cheibriados.
  3128 | D:3      | Found a hazy altar of Hepliaklqana.
  3411 | D:4      | Found an opulent altar of Gozag.
  3463 | D:4      | Reached XP level 7. HP: 59/61 MP: 6/6
  3467 | D:4      | Reached skill level 1 in Dodging
  3658 | D:4      | Reached skill level 7 in Axes
  4091 | D:5      | Entered Level 5 of the Dungeon
  4094 | D:5      | Found Fuyschudgh's Magic Scroll Emporium.
  4105 | D:5      | Bought a scroll of remove curse for 36 gold pieces
  4188 | D:5      | Noticed Duvessa
  4207 | D:5      | Killed Duvessa
  4207 | D:5      | Reached XP level 8. HP: 55/69 MP: 6/6
  4208 | D:5      | Noticed Dowan
  4218 | D:5      | Killed Dowan
  4340 | D:5      | Noticed Eustachio
  4349 | D:5      | Killed Eustachio
  4370 | D:5      | Reached skill level 8 in Axes
  4464 | D:5      | Found a shimmering altar of Xom.
  4508 | D:5      | Noticed Prince Ribbit
  4529 | D:5      | Killed Prince Ribbit
  4529 | D:5      | Reached skill level 5 in Armour
  5005 | D:6      | Found a staircase to the Ecumenical Temple.
  5040 | Temple   | Entered the Ecumenical Temple
  5096 | Temple   | Became a worshipper of Makhleb the Destroyer
  5187 | D:6      | Reached skill level 9 in Axes
  5187 | D:6      | Reached skill level 1 in Invocations
  5187 | D:6      | Gained mutation: You passively map the area around you.
                  | [Deep Dwarf growth]
  5187 | D:6      | Reached XP level 9. HP: 57/79 MP: 6/6
  5337 | D:6      | Noticed Edmund
  5350 | D:6      | Killed Edmund
  5356 | D:6      | Found a stormy altar of Qazlal.
  5751 | D:6      | Reached * piety under Makhleb
  6206 | D:7      | Reached skill level 5 in Invocations
  6255 | D:7      | Reached skill level 10 in Axes
  6342 | D:7      | Found Rekuez's Book Emporium.
  6514 | D:7      | Found a runed translucent door.
  6515 | D:7      | Noticed Crazy Yiuf
  6595 | D:7      | Killed Crazy Yiuf
  6801 | D:7      | Reached XP level 10. HP: 69/87 MP: 11/11
  6898 | D:7      | Found an ancient bone altar of Kikubaaqudgha.
  7406 | D:7      | Noticed Pikel
  7415 | D:7      | Killed Pikel
  7415 | D:7      | Reached ** piety under Makhleb
  7415 | D:7      | Reached skill level 11 in Axes
  7451 | D:7      | Found a glowing golden altar of the Shining One.
  7596 | D:8      | Found Zin's Purification Station.
  7596 | D:8      | Found a glowing silver altar of Zin.
  7596 | D:8      | Noticed Harold
  7613 | D:8      | Killed Harold
  8638 | D:8      | Found Zomainim's Demolitions Depot.
  9365 | D:9      | Noticed Maurice
  9377 | D:9      | Killed Maurice
  9390 | D:9      | Found a sacrificial altar of Ru.
  9437 | D:9      | Reached *** piety under Makhleb
  9462 | D:9      | Found an ornate altar of the Wu Jian Council.
  9666 | D:9      | Reached XP level 11. HP: 60/93 MP: 13/13
  9703 | D:9      | Reached skill level 10 in Invocations
  9821 | D:9      | Found a shimmering altar of Xom.
  9855 | D:10     | Entered Level 10 of the Dungeon
  9911 | D:10     | Reached skill level 12 in Axes
  9977 | D:10     | Noticed Psyche
  9990 | D:10     | Killed Psyche
 10123 | D:10     | Reached skill level 5 in Fighting
 10175 | D:10     | Found a staircase to the Lair.
 10299 | D:10     | Found a staircase to the Orcish Mines.
 10441 | D:10     | Reached **** piety under Makhleb
 10629 | D:10     | Got a distressingly furry leather armour
 11126 | D:10     | Identified the +3 leather armour "Keicisaa" {MR+ Str+3}
                  | (You found it on level 10 of the Dungeon)
 11159 | Lair:1   | Entered Level 1 of the Lair of Beasts
 11345 | Lair:1   | Noticed a five-headed hydra
 11354 | Lair:1   | Killed a five-headed hydra
 11569 | Lair:1   | Found a dark tunnel.
 11576 | Volcano  | Entered a volcano
 11605 | Volcano  | Noticed a lindwurm
 11605 | Volcano  | Noticed a lindwurm
 11748 | Lair:1   | Reached skill level 13 in Axes
 11869 | Lair:1   | Noticed a seven-headed hydra
 11879 | Lair:1   | Killed a seven-headed hydra
 11879 | Lair:1   | Reached XP level 12. HP: 81/105 MP: 14/14
 12245 | Lair:2   | Noticed a death yak
 12245 | Lair:2   | Noticed a death yak
 12245 | Lair:2   | Noticed a death yak
 12410 | Lair:2   | Reached skill level 1 in Evocations
 12634 | Lair:2   | You fall through a shaft!
 12634 | Lair:3   | Found a staircase to the Snake Pit.
 12912 | Lair:2   | Noticed a death yak
 12926 | Lair:2   | Noticed a death yak
 12926 | Lair:2   | Noticed a death yak
 12928 | Lair:2   | Killed a death yak
 12935 | Lair:2   | Killed a death yak
 12942 | Lair:2   | Killed a death yak
 12942 | Lair:2   | Killed a death yak
 12946 | Lair:2   | Killed a death yak
 12949 | Lair:2   | Killed a death yak
 13062 | Lair:3   | Reached skill level 5 in Evocations
 13241 | Lair:3   | Reached skill level 14 in Axes
 13445 | Lair:3   | Reached XP level 13. HP: 105/114 MP: 14/14
 13499 | Lair:3   | Reached skill level 10 in Armour
 13906 | Lair:4   | Found a staircase to the Shoals.
 13979 | Lair:4   | Noticed Urug
 13992 | Lair:4   | Killed Urug
 14165 | Lair:4   | Noticed Kirke
 14185 | Lair:4   | Killed Kirke
 15202 | Lair:6   | Entered Level 6 of the Lair of Beasts
 15352 | Lair:6   | Reached ***** piety under Makhleb
 15449 | Lair:6   | Reached skill level 5 in Dodging
 15449 | Lair:6   | Reached skill level 10 in Shields
 15733 | Lair:6   | Reached skill level 15 in Axes
 15770 | Lair:6   | Gained mutation: You resist negative energy. (rN+) [Deep
                  | Dwarf growth]
 15770 | Lair:6   | Reached XP level 14. HP: 114/124 MP: 15/15
 16378 | Orc:1    | Entered Level 1 of the Orcish Mines
 17061 | Orc:2    | Entered Level 2 of the Orcish Mines
 17066 | Orc:2    | Found Miett's Armour Boutique.
 17096 | Orc:2    | Found a staircase to the Elven Halls.
 17187 | Orc:2    | Found a roughly hewn altar of Beogh.
 17311 | Orc:1    | Noticed an orc warlord
 17323 | Orc:1    | Killed an orc warlord
 17390 | Orc:1    | Noticed Erica
 17398 | Orc:1    | Killed Erica
 17667 | Orc:2    | Found Vimoat's General Store.
 17667 | Orc:2    | Found Xonuxoshre's Food Shop.
 17695 | Orc:2    | Found Gem Neni's Antique Armour Emporium.
 17695 | Orc:2    | Found Xazoedil's Weapon Shop.
 17701 | Orc:2    | Bought a scroll of identify for 26 gold pieces
 17701 | Orc:2    | Bought 2 potions of lignification for 78 gold pieces
 17701 | Orc:2    | Bought a scroll of teleportation for 39 gold pieces
 17701 | Orc:2    | Bought a potion of haste for 130 gold pieces
 17711 | Orc:2    | Bought a +2 pair of boots of stealth for 279 gold pieces
 17804 | Orc:2    | Noticed Rupert
 17838 | Orc:2    | Killed Rupert
 18187 | D:11     | Found the +2 cloak of the Thief {+Fog Slay-2 SInv Stlth+}
 18915 | D:12     | Reached ****** piety under Makhleb
 19005 | D:12     | Reached skill level 16 in Axes
 19437 | D:12     | Reached XP level 15. HP: 134/134 MP: 16/16
 21019 | D:14     | Identified a scroll of acquirement
 21279 | D:14     | Found a gate to the Vaults.
 21289 | D:14     | Reached skill level 15 in Invocations
 21395 | D:15     | Entered Level 15 of the Dungeon
 21398 | D:15     | Found Axky's Assorted Antiques.
 21414 | D:15     | Bought a scroll of teleportation for 78 gold pieces
 21414 | D:15     | Bought a potion of agility for 104 gold pieces
 22221 | D:15     | Found a staircase to the Depths.
 22226 | D:15     | Reached skill level 17 in Axes
 22517 | Snake:1  | Entered Level 1 of the Snake Pit
 22522 | Snake:1  | Got a crude silver ring
 22528 | Snake:1  | Identified the ring "Kiosidis" {rPois AC+3 Str+7 Slay+3}
                  | (You found it on level 1 of the Snake Pit)
 23045 | Snake:1  | Reached XP level 16. HP: 145/145 MP: 16/16
 23278 | Snake:2  | Noticed Vashnia
 23386 | Snake:2  | Killed Vashnia
 23833 | Snake:3  | Reached skill level 10 in Fighting
 24922 | Snake:4  | Entered Level 4 of the Snake Pit
 25311 | Snake:4  | Reached skill level 18 in Axes
 25313 | Snake:4  | Got a clouded pewter amulet
 25314 | Snake:4  | Identified the amulet of Xom's Fair Game {Reflect rF+ SH+4}
                  | (You acquired it on level 4 of the Snake Pit)
 25350 | Snake:4  | Reached skill level 10 in Dodging
 25682 | Snake:4  | Got a slimy war axe
 25683 | Snake:4  | Identified the +0 war axe of Beogh's Esteem {freeze, Int+5
                  | Dex+4} (You acquired it on level 4 of the Snake Pit)
 25748 | Snake:4  | Reached XP level 17. HP: 154/154 MP: 17/17
 26034 | Snake:4  | Got a serpentine rune of Zot
 26351 | Shoals:1 | Entered Level 1 of the Shoals
 26770 | Shoals:1 | Found Yffewnih's Jewellery Emporium.
 28187 | Shoals:3 | Found a frozen archway.
 28212 | IceCv    | Entered an ice cave
 28956 | IceCv    | Got a pair of spiked boots
 28957 | IceCv    | Identified the -7 pair of boots of Tulips {rPois Str+4
                  | Stlth+} (You found it in an ice cave)
 29654 | Shoals:3 | Identified Vioh's Compendium of Flamy Changing
 29823 | Shoals:4 | Entered Level 4 of the Shoals
 29844 | Shoals:4 | Reached skill level 10 in Evocations
 30094 | Shoals:4 | Gained mutation: You passively map a large area around you.
                  | [Deep Dwarf growth]
 30094 | Shoals:4 | Reached XP level 18. HP: 168/168 MP: 16/16
 30474 | Shoals:4 | Got a barnacled rune of Zot
 30712 | Shoals:4 | Got a dazzling scale mail
 30713 | Shoals:4 | Identified the +3 scale mail "Haon" {Dex+4} (You found it
                  | on level 4 of the Shoals)
 31450 | Vaults:1 | Entered Level 1 of the Vaults
 31607 | Vaults:1 | Found Kink's Armour Shoppe.
 32647 | Vaults:2 | Found a ruined gateway.
 32685 | Vaults:2 | Reached skill level 15 in Shields
 32685 | Vaults:2 | Noticed Sojobo
 32702 | Vaults:2 | Killed Sojobo
 32757 | Vaults:2 | Got a pair of shimmering boots
 32758 | Vaults:2 | Identified the +2 pair of boots "Futros" {*Slow Str+6
                  | Slay-2 Stlth+} (You found it on level 2 of the Vaults)
 33373 | D:5      | Bought a scroll of teleportation for 36 gold pieces
 33373 | D:5      | Bought a scroll of teleportation for 36 gold pieces
 33373 | D:5      | Bought a scroll of teleportation for 36 gold pieces
 33373 | D:5      | Bought a scroll of enchant weapon for 90 gold pieces
 33373 | D:5      | Bought a scroll of fear for 42 gold pieces
 33373 | D:5      | Bought a scroll of enchant weapon for 90 gold pieces
 33373 | D:5      | Bought a scroll of teleportation for 36 gold pieces
 33646 | Vaults:2 | Reached XP level 19. HP: 180/180 MP: 16/16
 34097 | Vaults:2 | Found an ornate altar of the Wu Jian Council.
 34260 | Vaults:3 | Noticed Saint Roka
 34272 | Vaults:3 | Killed Saint Roka
 34272 | Vaults:3 | Reached skill level 15 in Armour
 34282 | Vaults:3 | Found a staircase to the Crypt.
 34689 | Vaults:3 | Found Xakheuw's Antique Weapon Emporium.
 35122 | Vaults:3 | Identified the Handbook of Excruciating Heat
 35777 | Vaults:4 | Reached skill level 15 in Fighting
 35916 | Vaults:4 | Noticed Boris
 35931 | Vaults:4 | Killed Boris
 36108 | Vaults:4 | Reached XP level 20. HP: 171/194 MP: 18/18
 36377 | Vaults:4 | Noticed Margery
 36390 | Vaults:4 | Killed Margery
 36552 | Vaults:4 | Identified the Incunabulum of Icy Ignition
 37171 | Elf:1    | Entered Level 1 of the Elven Halls
 38409 | Elf:2    | Found a huge runed translucent gate.
 38417 | Elf:2    | Found a huge runed translucent gate.
 38418 | Elf:2    | Found a huge runed translucent gate.
 38419 | Elf:2    | Found a huge runed translucent gate.
 38420 | Elf:2    | Found a huge runed translucent gate.
 38629 | Elf:3    | Entered Level 3 of the Elven Halls
 38711 | Elf:3    | Found Ydwi's Weapon Emporium.
 38814 | Elf:3    | Found a roughly hewn altar of Beogh.
 38909 | Elf:3    | Noticed Donald
 38918 | Elf:3    | Killed Donald
 39634 | Depths:1 | Entered Level 1 of the Depths
 39811 | Depths:1 | Noticed Boris
 39818 | Depths:1 | Killed Boris
 39818 | Depths:1 | Reached XP level 21. HP: 207/207 MP: 20/20
 39887 | Depths:1 | Found a gateway to Hell.
 40854 | Depths:2 | Found a gateway to a ziggurat.
 40857 | Depths:2 | Paralysed by a floating eye for 2 turns
 40864 | Depths:2 | Paralysed by a floating eye for 3 turns
 41120 | Depths:2 | Found the +2 pair of boots of the Assassin {Detection Stab+
                  | Stlth++}
 41121 | Depths:2 | Found a shadowy altar of Dithmenos.
 41135 | Depths:2 | Got a bound glass ring
 41151 | Depths:2 | Identified the ring of Fout Awuod {rElec Str+4 Slay+2
                  | Stlth+} (You found it on level 2 of the Depths)
 41716 | Depths:2 | Found a one-way gate to the infinite horrors of the Abyss.
 41883 | Depths:3 | Found a shimmering altar of Xom.
 41885 | Depths:3 | Found a one-way gate leading to the halls of Pandemonium.
 42067 | Depths:3 | Found an iron altar of Okawaru.
 42446 | Depths:3 | Found a shadowy altar of Dithmenos.
 42494 | Depths:3 | Reached XP level 22. HP: 222/222 MP: 19/19
 42827 | Depths:3 | Found a hide-covered altar of Uskayaw.
 43032 | Depths:3 | Identified the ring of the King {+Inv rF- MR+ Str+5}
 43032 | Depths:3 | Identified the amulet "Trusted Companion" {Reflect Fragile
                  | rPois MR+ Slay+5 SH+3}
 43037 | Depths:3 | Noticed a golden dragon
 43054 | Depths:3 | Killed a golden dragon
 43163 | Depths:3 | Got a twisted plate armour
 43164 | Depths:3 | Identified the +6 plate armour "Zefagon" {rC+} (You
                  | acquired it on level 3 of the Depths)
 43456 | Depths:4 | Found a corrupted altar of Lugonu.
 43651 | Depths:4 | Got a scorched chain mail
 43652 | Depths:4 | Identified the +11 chain mail of Lugonu's Indignation
                  | {rElec rC+ Str+7 Stlth-} (You found it on level 4 of the
                  | Depths)
 43740 | Depths:4 | Found a shimmering altar of Xom.
 43740 | Depths:4 | Noticed Amikeex's ghost (adept TrMo)
 43748 | Depths:4 | Found a runed translucent door.
 44371 | Depths:5 | Entered Level 5 of the Depths
 44525 | Depths:5 | Reached XP level 23. HP: 235/235 MP: 21/21
 44679 | Depths:5 | Found Kida's Magic Scroll Boutique.
 44680 | Depths:5 | Found Tufiow's Jewellery Boutique.
 44681 | Depths:5 | Found Ydytotre's Gadget Boutique.
 44682 | Depths:5 | Found Qiojun's Armour Boutique.
 44707 | Depths:5 | Bought a scroll of fog for 44 gold pieces
 44707 | Depths:5 | Bought a scroll of enchant weapon for 165 gold pieces
 44707 | Depths:5 | Bought a scroll of fog for 44 gold pieces
 44707 | Depths:5 | Bought a scroll of blinking for 165 gold pieces
 44839 | Depths:5 | Found a gate to the Realm of Zot.
 45810 | Vaults:5 | Entered Level 5 of the Vaults
 46055 | Vaults:5 | Noticed Boris
 46088 | Vaults:5 | Killed Boris
 46202 | Vaults:5 | Reached XP level 24. HP: 249/249 MP: 20/20
 46334 | Vaults:5 | Got a brightly glowing scale mail
 46335 | Vaults:5 | Identified the cursed +0 scale mail of Filth {rF- Int+8}
                  | (You found it on level 5 of the Vaults)
 46519 | Vaults:5 | Found the +3 Elemental Staff {rElec rF++ rC++ MR++ AC+5}
 46886 | Vaults:5 | Got a silver rune of Zot
 47612 | Zot:1    | Entered Level 1 of the Realm of Zot
 48107 | Zot:1    | Reached skill level 19 in Axes
 48724 | Zot:2    | Noticed a Killer Klown
 48832 | Zot:2    | Reached skill level 20 in Axes
 48842 | Zot:2    | Killed a Killer Klown
 48862 | Zot:2    | Reached XP level 25. HP: 256/256 MP: 19/19
 48862 | Zot:2    | Reached skill level 21 in Axes
 48993 | Zot:2    | Got a sapphire mace
 48994 | Zot:2    | Identified the +5 mace of War {freeze, Dex+3} (You found it
                  | on level 2 of the Realm of Zot)
 49514 | Zot:3    | Noticed an orb of fire
 49515 | Zot:3    | Gained mutation: Armour fits poorly on your strangely
                  | shaped body. [an orb of fire]
 49532 | Zot:3    | Gained mutation: You tend to lose your temper in combat.
                  | [an orb of fire]
 49538 | Zot:3    | Gained mutation: You are clumsy. (Dex -2) [an orb of fire]
 49543 | Zot:3    | Gained mutation: Potions are less effective at restoring
                  | your health. [an orb of fire]
 49544 | Zot:3    | Killed an orb of fire
 49666 | Zot:3    | Reached skill level 22 in Axes
 49730 | Zot:3    | Lost mutation: Armour fits poorly on your strangely shaped
                  | body. [potion of mutation]
 49730 | Zot:3    | Lost mutation: You tend to lose your temper in combat.
                  | [potion of mutation]
 49730 | Zot:3    | Lost mutation: You are clumsy. (Dex -2) [potion of
                  | mutation]
 49730 | Zot:3    | Gained mutation: Your spells are a little easier to cast,
                  | but a little less powerful. [potion of mutation]
 49730 | Zot:3    | Lost mutation: Potions are less effective at restoring your
                  | health. [potion of mutation]
 49730 | Zot:3    | Gained mutation: You expend magic power (3 MP) to
                  | strengthen your wands. [potion of mutation]
 49932 | Zot:3    | Reached skill level 23 in Axes
 50512 | Zot:3    | Reached skill level 24 in Axes
 51067 | Zot:4    | Reached XP level 26. HP: 265/265 MP: 18/18
 51479 | Zot:4    | Reached skill level 25 in Axes
 51584 | Zot:3    | Got a translucent crystal plate armour
 51585 | Zot:3    | Identified the +1 crystal plate armour of the Foremost
                  | Cities {*Corrode rF+ Str+2} (You acquired it on level 3 of
                  | the Realm of Zot)
 51964 | Zot:4    | Identified the +4 dragonskin cloak
 51964 | Zot:4    | Identified the ring "Emotob" {MP+9 Str+5 Dex+3}
 51964 | Zot:4    | Noticed Tiamat
 52042 | Zot:4    | Identified the ring of Lozumeeg {rElec rPois EV+1 SInv}
 52077 | Zot:4    | Killed Tiamat
 52118 | Zot:4    | Got a shimmering chain mail
 52119 | Zot:4    | Identified the +1 chain mail of Indemnity {Str+8} (You
                  | found it on level 4 of the Realm of Zot)
 52146 | Zot:4    | Got a brightly glowing bone amulet
 52147 | Zot:4    | Identified the amulet of Ratauguc {Inacc Str+3} (You found
                  | it on level 4 of the Realm of Zot)
 52598 | Zot:5    | Entered Level 5 of the Realm of Zot
 52892 | Zot:5    | Noticed an ancient lich
 52894 | Zot:5    | Noticed an orb of fire
 52901 | Zot:5    | Noticed an ancient lich
 53035 | Zot:5    | Noticed an ancient lich
 53041 | Zot:5    | Killed an ancient lich
 53061 | Zot:5    | Noticed an orb of fire
 53067 | Zot:5    | Gained mutation: You tend to lose your temper in combat.
                  | [an orb of fire]
 53073 | Zot:5    | Killed an ancient lich
 53081 | Zot:5    | Noticed an ancient lich
 53083 | Zot:5    | Gained mutation: Armour fits poorly on your strangely
                  | shaped body. [an orb of fire]
 53083 | Zot:5    | Gained mutation: Your spells are easier to cast, but less
                  | powerful. [an orb of fire]
 53094 | Zot:5    | Noticed an ancient lich
 53177 | Zot:5    | Gained mutation: Your spells are much easier to cast, but
                  | much less powerful. [an orb of fire]
 53193 | Zot:5    | Gained mutation: Scrolls take you a little longer to read.
                  | [an orb of fire]
 53198 | Zot:5    | Killed an orb of fire
 53198 | Zot:5    | Reached XP level 27. HP: 228/279 MP: 11/12
 53206 | Zot:5    | Killed an orb of fire
 53312 | Zot:5    | Lost mutation: Your spells are much easier to cast, but
                  | much less powerful. [potion of mutation]
 53312 | Zot:5    | Lost mutation: Your spells are easier to cast, but less
                  | powerful. [potion of mutation]
 53312 | Zot:5    | Lost mutation: Your spells are a little easier to cast, but
                  | a little less powerful. [potion of mutation]
 53312 | Zot:5    | Lost mutation: You expend magic power (3 MP) to strengthen
                  | your wands. [potion of mutation]
 53312 | Zot:5    | Gained mutation: Your muscles are strong. (Str +2) [potion
                  | of mutation]
 53312 | Zot:5    | Gained mutation: You have a pair of small horns on your
                  | head. [potion of mutation]
 53313 | Zot:5    | Lost mutation: Scrolls take you a little longer to read.
                  | [potion of mutation]
 53313 | Zot:5    | Lost mutation: You have a pair of small horns on your head.
                  | [potion of mutation]
 53313 | Zot:5    | Lost mutation: Armour fits poorly on your strangely shaped
                  | body. [potion of mutation]
 53313 | Zot:5    | Lost mutation: You tend to lose your temper in combat.
                  | [potion of mutation]
 53313 | Zot:5    | Gained mutation: You are partially covered in slimy green
                  | scales. (AC +2) [potion of mutation]
 53313 | Zot:5    | Gained mutation: You are somewhat resistant to further
                  | mutation. [potion of mutation]
 53420 | Zot:5    | Killed an ancient lich
 53453 | Zot:5    | Killed an ancient lich
 53512 | Zot:5    | Reached skill level 15 in Dodging
 53704 | Zot:5    | Got the Orb of Zot
 53755 | Zot:5    | Killed an ancient lich
 54352 | D:$      | Escaped with the Orb!

Skill      XL: |  1  2  3  4  5  6  7  8  9 10 11 12 13 14 15 16 17 18 19 20 21 22 23 24 25 26 27 |
---------------+----------------------------------------------------------------------------------+-----
Axes           | 3 4 5 6 7 9 10 11 13 14 15 16 17 18 20 24 25 | 25.5
Shields        | 4 5 6 7 8 9 10 11 12 13 14 15 | 15.0
Fighting       | 3 4 6 7 8 9 10 12 13 15 16 18 19 21 22 24 | 24.1
Dodging        | 2 3 5 7 8 10 11 13 16 | 16.0
Armour         | 4 5 6 8 9 10 11 12 13 14 16 17 18 19 20 21 22 | 22.0
Invocations    | 1 6 9 11 12 13 14 15 16 17 19 20 21 22 23 | 23.8
Evocations     | 5 8 10 12 | 12.8

Action                   |  1- 3 |  4- 6 |  7- 9 | 10-12 | 13-15 | 16-18 | 19-21 | 22-24 | 25-27 || total
-------------------------+-------+-------+-------+-------+-------+-------+-------+-------+-------++-------
Melee: War axe           |   130 |   290 |   384 |   742 |   561 |       |       |       |       ||  2107
       Broad axe         |       |       |       |       |   668 |  1124 |  1206 |  1011 |   986 ||  4995
Throw: Stone             |       |    40 |     8 |     7 |       |     2 |       |       |       ||    57
Invok: Minor Destruction |       |       |       |    95 |    85 |   146 |    13 |     6 |    49 ||   394
       Lesser Servant of |       |       |       |    13 |    29 |    11 |       |     1 |       ||    54
       Greater Servant o |       |       |       |       |     2 |    16 |    11 |    11 |    20 ||    60
       Major Destruction |       |       |       |       |       |       |     2 |       |       ||     2
 Abil: Heal Wounds       |     1 |     2 |     8 |    10 |    11 |    27 |     9 |    10 |    22 ||   100
       Evoke Fog         |       |       |       |       |       |       |       |     5 |     2 ||     7
Evoke: Wand              |       |       |       |       |       |     6 |     8 |     6 |     6 ||    26
       Lamp of fire      |       |       |       |       |       |       |       |     1 |     3 ||     4
       Phantom mirror    |       |       |       |       |       |       |       |       |     1 ||     1
  Use: Scroll            |     4 |     1 |     6 |     4 |    16 |    20 |     9 |    21 |    18 ||    99
       Potion            |       |     2 |     3 |     5 |     5 |     3 |     4 |    14 |    13 ||    49
 Stab: Distracted        |       |       |     1 |     5 |    11 |     5 |     5 |    12 |    10 ||    49
       Sleeping          |       |       |       |       |    21 |     8 |     2 |     2 |     6 ||    39
       Invisible         |       |       |       |       |       |       |       |    32 |       ||    32
       Confused          |       |       |       |       |       |       |       |       |     5 ||     5
  Eat: Chunk             |     3 |     6 |     8 |    15 |    15 |    14 |     4 |     2 |     3 ||    70
       Ration            |       |       |     1 |     5 |     4 |     9 |     6 |     7 |     6 ||    38
Armor: Scale mail        |    28 |       |       |       |       |       |       |       |       ||    28
       Ring mail         |    36 |   135 |    17 |       |       |       |       |       |       ||   188
       Chain mail        |       |       |   141 |   134 |       |       |   216 |   377 |    88 ||   956
       Leather armour    |       |       |       |    83 |   256 |   126 |       |       |       ||   465
       Ice dragon scales |       |       |       |       |       |   218 |    88 |       |       ||   306
       Skin              |       |       |       |       |       |       |       |    71 |       ||    71
       Fire dragon scale |       |       |       |       |       |       |       |       |   259 ||   259
Dodge: Dodged            |    36 |   102 |    94 |   240 |   443 |   428 |   293 |   404 |   349 ||  2389
Block: Shield            |    74 |   139 |   185 |   393 |   648 |   986 |   985 |   947 |   769 ||  5126
       Reflection        |       |       |       |       |       |    95 |    77 |    32 |    17 ||   221
